 Dungeon Crawl Stone Soup version 0.31-a0-640-g39d97e502b (webtiles) character file.

Game seed: 8686580957274983042

23 qw the Shooter (level 2, 0/17 HPs)
             Began as a Gargoyle Hunter on Aug 27, 2023.
             Slain by Natasha (8 damage)
             ... on level 2 of the Dungeon.
             The game lasted 00:00:17 (938 turns).

qw the Shooter (Gargoyle Hunter)                     Turns: 938, Time: 00:00:18

Health: 0/17       AC:  5    Str: 14    XL:     2   Next: 95%
Magic:  2/2        EV: 11    Int:  9    God:
Gold:   36         SH:  0    Dex: 13    Spells: 1/1 levels left

rFire   . . .        Y - +0 shortbow
rCold   + . .        (shield currently unavailable)
rNeg    + . .        c - +0 leather armour
rPois   inf          (no helmet)
rElec   +            (no cloak)
rCorr   .            (no gloves)
SInv    .            (no boots)
Will    .....        f - amulet of the acrobat
Stlth   +            d - ring of protection from cold
HPRegen 0.22/turn    (no ring)
MPRegen 0.08/turn

%: acrobat
@: slowed, very slow
A: sickness immunity, AC +2, negative energy resistance 1, electricity
resistance, torment resistance 1, petrification resistance
a: no special abilities


You were on level 2 of the Dungeon.
You visited 1 branch of the dungeon, and saw 2 of its levels.

You collected 36 gold pieces.


Innate Abilities, Weirdness & Mutations

You are immune to sickness and miasma.
Your stone body is resilient. (AC +2)
You are immune to poison.
You resist negative energy. (rN+)
You are resistant to electric shocks. (rElec)
You are resistant to unholy torment.
You are immune to petrification.


   Skills:
 - Level 2.1 Fighting
 + Level 4.8 Ranged Weapons
 - Level 1.5 Dodging
 - Level 1.1 Stealth


You had one spell level left.
You didn't know any spells.
Your spell library was empty.

Inventory:

Hand Weapons
 Y - a +0 shortbow (weapon)
Armour
 c - a +0 leather armour (worn)
Jewellery
 d - a ring of protection from cold (left hand)
 f - an amulet of the acrobat (around neck)
Scrolls
 a - a scroll of teleportation
Potions
 e - a potion of lignification {unknown}

Dungeon Overview and Level Annotations

Branches:
Dungeon (2/15)

Altars:

Annotations:
D:2 Natasha


Message History

A rat comes into view.
You shoot an arrow. The arrow hits the rat.
You kill the rat!
There is a fountain of sparkling water here.
A rat comes into view.
You shoot an arrow.
The arrow hits the rat but does no damage.
You shoot an arrow. The arrow hits the rat!
You kill the rat!
Natasha, Servant of Life and Death comes into view.
Natasha hisses angrily.
Natasha casts a spell at you.
The magic dart hits you but does no damage.
You shoot an arrow. The arrow misses Natasha.
Natasha stares at you and mumbles some strange words.
You feel yourself slow down.
You shoot an arrow.
The arrow hits Natasha but does no damage.
You shoot an arrow.
The arrow hits Natasha but does no damage.
You shoot an arrow.
The arrow hits Natasha but does no damage.
Natasha barely misses you.
You shoot an arrow.
The arrow hits Natasha but does no damage.
Natasha barely misses you. Natasha claws you!
You shoot an arrow. The arrow closely misses Natasha.
Natasha misses you.
You shoot an arrow. The arrow barely misses Natasha.
Natasha claws you but does no damage. Natasha barely misses you.
You shoot an arrow. The arrow hits Natasha.
Natasha is lightly wounded.
Natasha mumbles some strange words.
Natasha glows brightly for a moment.
Natasha closely misses you. Natasha claws you.
You shoot an arrow. The arrow hits Natasha.
Natasha is moderately wounded.
Natasha misses you. Natasha claws you!
You die...
Natasha curls up and begins to purr.

..##. # #####. #.# ..##.
. ####.##### ....
..######.........## ##.#
..........#..##. #.}.##.
..........#.#..####.####
............#..#.#.#.#.#
......h@..#.#.#.}.###%}.
...$........#..#.#.#.#.#
..######........#.#.#.##
#####.#.###.}.###
###..#.#.###.
#..#.#.#.#.#
#.#.}.###.8.
#..#.#.#.#.#
##.####.####


You could see Natasha.

Vanquished Creatures
  2 ball pythons
  3 endoplasms
  2 goblins (D:1)
  3 hobgoblins (D:1)
  A quokka (D:1)
  2 bats (D:1)
  A frilled lizard (D:1)
  3 kobolds (D:1)
  4 rats
21 creatures vanquished.

Notes
Turn   | Place    | Note
-------+----------+-------------------------------------------
     0 | D:1      | qw the Gargoyle Hunter began the quest for the Orb.
     0 | D:1      | Reached XP level 1. HP: 12/12 MP: 1/1
     0 | D:1      | 0 ||| qw: Version: 0.3-a-74-g0d5e918
     0 | D:1      | 0 ||| qw: Game counter: 8
     0 | D:1      | 0 ||| qw: Melee chars always use a shield: true
     0 | D:1      | 0 ||| qw: God list: Okawaru
     0 | D:1      | 0 ||| qw: Allow faded altars: false
     0 | D:1      | 0 ||| qw: Do Orc after clearing Dungeon:15 true
     0 | D:1      | 0 ||| qw: Do second Lair branch before Depths: true
     0 | D:1      | 0 ||| qw: Lair rune preference: random
     0 | D:1      | 0 ||| qw: Goals: Normal
     0 | D:1      | 0 ||| PLANNING D:1-11
   155 | D:1      | Reached XP level 2. HP: 17/17 MP: 2/2
   793 | D:1      | 793 ||| UPGRADING to amulet of the acrobat.
   798 | D:1      | 798 ||| UPGRADING to ring of protection from cold.
   799 | D:1      | 799 ||| READING 2 scrolls labelled ACEEHO YTOSAGI.
   802 | D:1      | 802 ||| READING scroll labelled QUPACZ KEQAO.
   803 | D:1      | 803 ||| DROPPING scroll of butterflies.
   929 | D:2      | Noticed Natasha
   938 | D:2      | Slain by Natasha

Levels and vault maps discovered:
D:1:      denvon_arrival_waterhouse, layout_basic, serial_forest,
          infiniplex_forest_clump_large, infiniplex_forest_clump_double,
          infiniplex_forest_clump_tiny, infiniplex_forest_zigzag_1,
          infiniplex_forest_straight_2, infiniplex_forest_corner_2,
          infiniplex_forest_straight_1, nicolae_figureground_sparkle
D:2:      layout_loops_cross, minmay_misc_feat_square, grunt_decor_mini_mirrors,
          uniq_terence, uniq_natasha, uniq_jessica

Action                     || total
---------------------------++-------
   Fire: Shortbow          ||    63
    Use: Scroll            ||     2
 Armour: Leather armour    ||     5
  Dodge: Dodged            ||    15

Table legend:
 A = Non-vault XP
 B = Vault XP
 C = Vault XP percentage of total XP
 D = Non-vault monster count
 E = Vault monster count
 F = Vault count percentage of total count
                 A         B        C        D         E       F
            +---------+---------+-------+---------+---------+-------
      Total |      33 |       0 |   0.0 |      21 |       0 |   0.0
            +---------+---------+-------+---------+---------+-------
        D:1 |      28 |       0 |   0.0 |      17 |       0 |   0.0
        D:2 |       5 |       0 |   0.0 |       4 |       0 |   0.0
            +---------+---------+-------+---------+---------+-------
